 Dungeon Crawl Stone Soup version 0.17.0-28-g6e173f8 (webtiles) character file.

21 baaltosaur the Digger (level 2, -5/15 HPs)
             Began as a Gargoyle Earth Elementalist on Dec 3, 2015.
             Slain by a worm (7 damage)
             ... on level 2 of the Dungeon.
             The game lasted 00:10:04 (1098 turns).

baaltosaur the Digger (Gargoyle Earth Elementalist) Turns: 1098, Time: 00:10:04

Health: -5/15      AC:  4    Str: 11    XL:     2   Next: 83%
Magic:  0/5        EV: 12    Int: 15    God:
Gold:   74         SH:  0    Dex: 10    Spells: 1 memorised, 4 levels left

rFire  . . .     SeeInvis .     h - +0 club
rCold  . . .     Clarity  .     e - +0 robe
rNeg   + . .     SustAt   .     (no shield)
rPois  ∞         Gourm    .     (no helmet)
rElec  +         Spirit   .     (no cloak)
rCorr  .         Warding  .     (no gloves)
rMut   .         Stasis   .     (no boots)
MR     .....                    (no amulet)
Stlth  ++........               (no ring)
                                (no ring)

@: not resistant to hostile enchantments, unstealthy
A: blurry vision 1, deterioration 1, negative energy resistance 1, sense
surroundings 1, electricity resistance, unbreathing, petrification resistance,
rot immunity, MP-powered wands, AC +2
a: no special abilities


You were on level 2 of the Dungeon.
You were not hungry.

You visited 1 branch of the dungeon, and saw 2 of its levels.

You collected 74 gold pieces.

Inventory:

Hand Weapons
 h - a +0 club (weapon)
Missiles
 b - 68 stones (quivered)
Armour
 e - a +0 robe (worn)
Jewellery
 g - an uncursed amulet of rage
Scrolls
 a - a scroll of fear
 i - a scroll of remove curse {unknown}
 k - a scroll of identify {unknown}
 l - a scroll of recharging
 m - a scroll of noise {unknown}
Potions
 j - a potion of degeneration {unknown}
Books
 c - a book of Geomancy

   Spells                             Type                      Level
   a - Sandblast                      Earth                        1
   b - Stoneskin                      Transmutation/Earth          2
   c - Passwall                       Transmutation/Earth          3
   d - Stone Arrow                    Conjuration/Earth            3
   e - Petrify                        Transmutation/Earth          4
   f - Lee's Rapid Deconstruction     Earth                        5
Comestibles
 f - a beef jerky


   Skills:
 + Level 1.7 Dodging
 + Level 2.1 Stealth
 * Level 2.4 Spellcasting
   Level 0.7 Transmutations
 + Level 4.2 Earth Magic


You had 4 spell levels left.
You knew the following spells:

 Your Spells              Type           Power        Failure   Level  Hunger
a - Sandblast             Erth           ##....       4%          1    #......


Dungeon Overview and Level Annotations

Branches:
Dungeon (2/15)

Altars:


Innate Abilities, Weirdness & Mutations

You are resistant to torment.
Your stone body is resilient (AC +2).
You are immune to poison.
You resist negative energy.
You are resistant to electric shocks.
You can survive without breathing.
You are immune to petrification.
You are immune to rotting.
Scrolls take you a little longer to read.
Your body sometimes deteriorates upon taking damage.
You passively map a small area around you.
You expend magic power (3 MP) to strengthen your wands.


Message History

Aiming: Sandblast
Press: ? - help, Shift-Dir - straight line, f/p - worm
Aim: a worm The blast of sand misses the worm.
The worm bites you.
Casting: Sandblast
Confirm with . or Enter, or press ? or * to list all spells.
Aiming: Sandblast
Press: ? - help, Shift-Dir - straight line, f/p - worm
Aim: a worm The blast of sand hits the worm.
The worm is moderately wounded.
You hit the worm.
The worm is severely wounded.
The worm bites you!
Ouch! That really hurt!
* * * LOW HITPOINT WARNING * * *
You completely miss the worm.
The worm is severely wounded.
The worm bites you!
You die...

* ### , * , .........
#........, * ##.........# ,
, ..........########## , *
* *#.....,............#
#...# *#..#.^...#.##
######..w# #..#.....#.#
#...)...@# #..##....#.##
#........####..##.##.#.#.
............(.>......#.#.#.
..........######..#..#.#.#.
........... , #..#..#.#.#.
, * ############
##.#..#.#.#< ,** * *#....#
#.## , * ,,* #....#,#... **
, , *, ##.### ####


You could see a worm.

Vanquished Creatures
  An ooze (D:1)
  3 hobgoblins
  A ball python (D:1)
  4 bats
  A giant gecko (D:1)
  A goblin (D:1)
  4 kobolds
  4 rats
19 creatures vanquished.

Notes
Turn   | Place    | Note
--------------------------------------------------------------
     0 | D:1      | baaltosaur the Gargoyle Earth Elementalist began the quest for the Orb.
     0 | D:1      | Reached XP level 1. HP: 10/10 MP: 3/3
   238 | D:1      | Gained mutation: Your body sometimes deteriorates upon taking damage. [potion of mutation]
   238 | D:1      | Gained mutation: You are frail (-10% HP). [potion of mutation]
   238 | D:1      | Gained mutation: You have a pair of small horns on your head. [potion of mutation]
   247 | D:1      | Lost mutation: You are frail (-10% HP). [potion of mutation]
   247 | D:1      | Gained mutation: Scrolls take you a little longer to read. [potion of mutation]
   247 | D:1      | Gained mutation: You passively map a small area around you. [potion of mutation]
   248 | D:1      | Gained mutation: You expend magic power (3 MP) to strengthen your wands. [potion of mutation]
   248 | D:1      | Lost mutation: You have a pair of small horns on your head. [potion of mutation]
   274 | D:1      | Reached XP level 2. HP: 9/15 MP: 1/5
   573 | D:1      | Reached skill level 4 in Earth Magic
  1098 | D:2      | Slain by a worm

Action                   || total
-------------------------++-------
Melee: Club              ||    17
       Unarmed           ||     5
 Cast: Sandblast         ||    31
  Use: Potion            ||     4
       Scroll            ||     4
 Stab: Sleeping          ||     1
  Eat: Bread ration      ||     1
